 Dungeon Crawl Stone Soup version 0.28-a0-793-g31680bbd8b (webtiles) character file.

Game seed: 18266752227562966379

13704 jasper the Grappler (level 11, -5/87 HPs)
             Began as a Demonspawn Hedge Wizard on Nov 4, 2021.
             Was the Champion of Cheibriados.
             Slain by Jorgrun (6 damage)
             ... while petrified by Jorgrun
             ... on level 12 of the Dungeon.
             The game lasted 00:15:22 (14161 turns).

jasper the Grappler (Demonspawn Hedge Wizard)      Turns: 14161, Time: 00:15:23

Health: -5/87      AC: 11    Str: 29    XL:     11   Next: 79%
Magic:  0/18       EV: -1    Int: 30    God:    Cheibriados [******]
Gold:   1013       SH:  0    Dex: 28    Spells: 7/16 levels left

rFire   . . .      SeeInvis .     - Unarmed
rCold   . . .      Faith    .   (no shield)
rNeg    + + +      Spirit   +   z - +0 acid dragon scales
rPois   ∞          Reflect  .   c - +1 hat
rElec   .          Harm     .   (no cloak)
rCorr   +          Rampage  .   y - +0 pair of gloves
Will    .....                   J - +0 pair of boots
Stlth   ++........              e - amulet of guardian spirit
HPRegen 0.24/turn               w - +4 ring of evasion
MPRegen 0.16/turn               v - ring of resist corrosion

@: petrified, grasped by roots, constricted, very slow
A: horns 2, ignite blood 2, demonic magic 2, weakness stinger 1, demonic touch 2
a: Renounce Religion, Bend Time, Temporal Distortion, Slouch, Step From Time


You were on level 12 of the Dungeon.
You worshipped Cheibriados.
Cheibriados was exalted by your worship.
You visited 1 branch of the dungeon, and saw 12 of its levels.

You collected 1290 gold pieces.
You spent 277 gold pieces at shops.

Inventory:

Hand Weapons
 a - a +0 dagger of draining
 g - a +3 whip of venom
Missiles
 f - 366 stones (quivered)
Armour
 b - a +0 robe
 c - a +1 hat (worn)
 n - a +0 chain mail
 p - a +0 helmet
 y - a +0 pair of gloves (worn)
 z - +0 acid dragon scales (worn)
 J - a +0 pair of boots (worn)
Jewellery
 d - a ring of wizardry
 e - an amulet of guardian spirit (around neck)
 v - a ring of resist corrosion (right hand)
 w - a +4 ring of evasion (left hand)
 N - a ring of wizardry
Wands
 h - a wand of acid (2)
 H - a wand of paralysis (7)
 L - a wand of charming (6)
 M - a wand of flame (43)
Scrolls
 j - a scroll of torment
 m - a scroll of brand weapon
 q - 3 scrolls of noise
 r - a scroll of fog
 t - 2 scrolls of enchant weapon
 x - 2 scrolls of amnesia
 B - 2 scrolls of magic mapping
 D - 2 scrolls of identify
 E - 4 scrolls of enchant armour
 F - 3 scrolls of teleportation
 G - a scroll of immolation
 O - a scroll of blinking
 Q - a scroll of vulnerability
Potions
 i - 4 potions of attraction
 k - 4 potions of might
 l - 3 potions of flight
 o - 2 potions of curing
 s - a potion of invisibility
 u - a potion of magic {unknown}
 A - a potion of cancellation
 C - 2 potions of brilliance {unknown}
 I - 2 potions of ambrosia {unknown}
 K - a potion of degeneration {unknown}
 P - a potion of heal wounds


   Skills:
 + Level 8.5 Fighting
 + Level 5.9 Armour
 + Level 6.1 Dodging
 - Level 1.7 Stealth
 * Level 11.1 Unarmed Combat
 - Level 3.2 Spellcasting
 - Level 1.7 Conjurations
 - Level 1.0 Summonings
 - Level 0.8 Translocations
 - Level 10.2 Invocations


You had 7 spell levels left.
You knew the following spells:

 Your Spells              Type           Power      Damage    Failure   Level
a - Magic Dart            Conj           60%        1d6       4%          1
b - Blink                 Tloc           20%        N/A       9%          2
c - Mephitic Cloud        Conj/Pois/Air  8%         N/A       21%         3
d - Conjure Flame         Conj/Fire      10%        6-21      17%         3

Your spell library contained the following spells:

 Spells                   Type           Power      Damage    Failure   Level
 Shock                    Conj/Air       40%        1d5       6%          1
 Slow                     Hex            16%        N/A       9%          1
 Call Imp                 Summ           10%        N/A       9%          2
 Static Discharge         Conj/Air       10%        N/A       9%          2
 Swiftness                Air            4%         N/A       26%         3
 Airstrike                Air            2%         N/A       63%         4
 Iskenderun's Battlesphe  Conj           15%        2d7       75%         5
 Fireball                 Conj/Fire      5%         3d5       85%         5
 Lightning Bolt           Conj/Air       5%         1d17      85%         5
 Alistair's Intoxication  Tmut/Pois      2%         N/A       93%         5
 Borgnjor's Vile Clutch   Necr/Erth      2%         N/A       93%         5
 Conjure Ball Lightning   Conj/Air       5%         3x3d6     100%        6
 Eringya's Noxious Bog    Tmut/Pois      2%         N/A       100%        6
 Iron Shot                Conj/Erth      5%         9d2       100%        6
 Orb of Destruction       Conj           7%         9d3       100%        7
 Spellforged Servitor     Conj/Summ      6%         N/A       100%        7
 Maxwell's Capacitive Co  Air            2%         ∞         100%        8


Dungeon Overview and Level Annotations

Branches:
Dungeon (12/15)            Temple (0/1) D:5            Lair (0/6) D:10
    Orc: D:9-12

Altars:
Cheibriados
Elyvilon
Xom
Yredelemnul
Beogh

Shops:
D:5 *

Annotations:
D:3 3 runed translucent doors, AttackTheMoon's ghost, amateur TrFi; Frikar's ghost, weakling MfGl
D:7 3 runed translucent doors, willcat's ghost, weakling DsDe
D:12 Jorgrun


Innate Abilities, Weirdness & Mutations

You have a pair of horns on your head.
Your demonic aura often causes spilled blood to erupt in flames.
Spells you cast may paralyse nearby enemies.
You have a small tail.
Your touch may inflict irresistible damage on your foes.


Message History

Unknown command.
Unknown command.
You punch Jorgrun! Your headbutt misses Jorgrun. You tail-slap Jorgrun!
You touch Jorgrun.
Jorgrun is severely wounded.
Jorgrun is engulfed in blazing flames.
Jorgrun barely misses you.
Your limbs are stiffening.
You barely miss Jorgrun. You headbutt Jorgrun.
Jorgrun is almost dead.
Jorgrun hits you but does no damage.
You have turned to stone.
Jorgrun casts a spell at you.
Roots burst forth from the earth!
The grasping roots grab you! The grasping roots constrict you!
Jorgrun hits you with a staff of earth! Jorgrun shatters you.
The grasping roots constrict you! Jorgrun hits you but does no damage.
Jorgrun shatters you! The grasping roots constrict you!
Jorgrun hits you with a staff of earth! Jorgrun shatters you!
The grasping roots constrict you!!
Jorgrun mutters some incantations to himself.
Jorgrun hits you with a staff of earth! Jorgrun shatters you.
The grasping roots constrict you! Jorgrun hits you with a staff of earth.
Jorgrun shatters you!!
* * * LOW HITPOINT WARNING * * *
The grasping roots constrict you.
* * * LOW HITPOINT WARNING * * *
Jorgrun points at you and mumbles some strange words.
The grasping roots constrict you.
* * * LOW HITPOINT WARNING * * *
Jorgrun hits you with a staff of earth!
* * * LOW HITPOINT WARNING * * *
Jorgrun shatters you.
* * * LOW HITPOINT WARNING * * *
The grasping roots constrict you!
* * * LOW HITPOINT WARNING * * *
Jorgrun completely misses you. The grasping roots constrict you.
* * * LOW HITPOINT WARNING * * *
Jorgrun hits you with a staff of earth!
You die...

######_....##### ...
#_..__#....#
..#.#..__.#....#
##.#.#>.._.# ...########
...#.#.g...# ..........
...########## #.........
..........#.###.g.......
...#.##.......+.@.......
##.#.##...#.###.........
##.#......#......#+#####
##.#####..######.# #..
.......# #.# ###
#....#.# #.#
######....#... #.#
....##....####.#.#
....†..)..[.......


You could see Jorgrun.

Vanquished Creatures
  A two-headed ogre (D:11)
  A death yak (D:9)
  A cyclops (D:10)
  An ugly thing (D:12)
  Joseph (D:8)
  A kobold demonologist (D:9)
  2 gargoyles
  2 komodo dragons
  4 trolls
  2 hornets
  A meliai zombie (D:11)
  A shadow (D:10)
  3 wraiths
  A wyvern (D:9)
  Eustachio (D:4)
  19 yaks
  2 steam dragons
  4 vampire mosquitoes (D:11)
  A water moccasin (D:5)
  2 sky beasts (D:5)
  2 black bears (D:10)
  An orc warrior (D:8)
  2 necrophages
  An ice beast (D:7)
  5 centaurs
  3 ogres
  5 kobold brigands
  2 scorpions
  8 bullfrogs
  A water moccasin zombie (D:5)
  A wyvern skeleton (D:5)
  12 killer bees
  5 electric eels (D:10)
  7 howler monkeys
  2 centaur zombies
  4 orc priests
  5 hounds
  A jelly (D:4)
  A bullfrog skeleton (D:5)
  A centaur skeleton (D:7)
  An iguana (D:7)
  5 orc wizards
  Robin (D:3)
  A howler monkey skeleton (D:5)
  3 gnolls (D:2)
  7 adders
  2 shadow imps
  2 white imps
  2 worms (D:3)
  5 dart slugs
  18 orcs
  4 ball pythons
  7 endoplasms
  3 giant cockroaches
  22 goblins
  7 hobgoblins
  3 jackals (D:5)
  25 kobolds
  4 quokkas
  2 bats
  3 frilled lizards (D:1)
  11 rats
258 creatures vanquished.

Vanquished Creatures (others)
  A fungus (D:10)
  73 plants (D:10)
74 creatures vanquished.

Grand Total: 332 creatures vanquished

Notes
Turn   | Place    | Note
-------+----------+-------------------------------------------
     0 | D:1      | jasper the Demonspawn Hedge Wizard began the quest for the
                  | Orb.
     0 | D:1      | Reached XP level 1. HP: 13/13 MP: 4/4
   465 | D:1      | Discovered your monstrous ancestry.
   465 | D:1      | Gained mutation: You have a small tail. [demonic ancestry]
   465 | D:1      | Reached XP level 2. HP: 19/19 MP: 3/6
   666 | D:1      | Found a faded altar of an unknown god.
  1120 | D:1      | Gained mutation: Your demonic aura sometimes causes spilled
                  | blood to erupt in flames. [demonic ancestry]
  1120 | D:1      | Reached XP level 3. HP: 25/25 MP: 0/7
  1689 | D:1      | Reached skill level 1 in Unarmed Combat
  1905 | D:2      | Found a snail-covered altar of Cheibriados.
  1912 | D:2      | Became a worshipper of Cheibriados the Contemplative
  1964 | D:2      | Reached skill level 1 in Fighting
  1966 | D:2      | Reached skill level 1 in Armour
  1966 | D:2      | Gained mutation: Spells you cast may paralyse adjacent
                  | enemies. [demonic ancestry]
  1966 | D:2      | Reached XP level 4. HP: 32/32 MP: 0/8
  2086 | D:2      | Learned a level 2 spell: Blink
  2090 | D:2      | Learned a level 3 spell: Mephitic Cloud
  2094 | D:2      | Learned a level 3 spell: Conjure Flame
  2769 | D:2      | Reached skill level 2 in Unarmed Combat
  3412 | D:3      | Found a runed translucent gate.
  3412 | D:3      | Found a runed translucent gate.
  3412 | D:3      | Found a runed translucent gate.
  3413 | D:3      | Noticed AttackTheMoon's ghost (amateur TrFi)
  3414 | D:3      | Noticed Frikar's ghost (weakling MfGl)
  3414 | D:3      | Noticed AttackTheMoon's ghost (amateur TrFi)
  3549 | D:3      | Reached * piety under Cheibriados
  3986 | D:3      | Noticed Robin
  3997 | D:3      | Killed Robin
  4156 | D:3      | Gained mutation: You have a pair of small horns on your
                  | head. [demonic ancestry]
  4156 | D:3      | Reached XP level 5. HP: 37/38 MP: 9/9
  4256 | D:3      | Reached ** piety under Cheibriados
  4282 | D:3      | You fall into a shaft and drop 1 floor!
  4290 | D:4      | Reached skill level 3 in Unarmed Combat
  4704 | D:4      | Noticed Eustachio
  4726 | D:4      | You fall into a shaft and drop 2 floors!
  4855 | D:6      | Gained mutation: You have a pair of horns on your head.
                  | [demonic ancestry]
  4855 | D:6      | Reached XP level 6. HP: 35/46 MP: 10/10
  5003 | D:6      | Reached skill level 4 in Unarmed Combat
  5406 | D:6      | Gained mutation: Spells you cast may paralyse nearby
                  | enemies. [demonic ancestry]
  5406 | D:6      | Reached XP level 7. HP: 51/52 MP: 11/11
  5650 | D:6      | Reached skill level 5 in Unarmed Combat
  5787 | D:5      | Entered Level 5 of the Dungeon
  5787 | D:5      | Found a staircase to the Ecumenical Temple.
  5886 | D:5      | Reached skill level 6 in Unarmed Combat
  5935 | D:5      | Reached *** piety under Cheibriados
  5950 | D:5      | Gained mutation: Your touch may inflict minor irresistible
                  | damage on your foes. [demonic ancestry]
  5950 | D:5      | Reached XP level 8. HP: 16/60 MP: 3/12
  6193 | D:5      | Reached skill level 5 in Fighting
  6326 | D:5      | Identified the +8 dagger of Relaveta {flame, *Slow +Blink
                  | Will++}
  6383 | D:5      | Reached skill level 7 in Unarmed Combat
  6637 | D:5      | Found a basalt altar of Yredelemnul.
  6825 | D:5      | Found Pokixoom's General Store.
  6834 | D:5      | Bought a potion of heal wounds for 75 gold pieces
  6834 | D:5      | Bought a potion of curing for 45 gold pieces
  6834 | D:5      | Bought a scroll of teleportation for 45 gold pieces
  6834 | D:5      | Bought a scroll of immolation for 52 gold pieces
  6834 | D:5      | Bought a scroll of identify for 30 gold pieces
  6834 | D:5      | Bought a scroll of identify for 30 gold pieces
  7103 | D:4      | Killed Eustachio
  8014 | D:7      | Reached skill level 8 in Unarmed Combat
  8248 | D:7      | Found a runed translucent gate.
  8248 | D:7      | Found a runed translucent gate.
  8248 | D:7      | Found a runed translucent gate.
  8252 | D:7      | Noticed willcat's ghost (weakling DsDe)
  8480 | D:7      | Gained mutation: Your touch may inflict irresistible damage
                  | on your foes. [demonic ancestry]
  8480 | D:7      | Reached XP level 9. HP: 58/69 MP: 11/13
  8620 | D:8      | Reached **** piety under Cheibriados
  8971 | D:8      | Noticed Joseph
  8985 | D:8      | Reached skill level 9 in Unarmed Combat
  8988 | D:8      | Killed Joseph
  9526 | D:9      | Reached skill level 1 in Invocations
  9536 | D:9      | Noticed a kobold demonologist
  9540 | D:9      | Reached ***** piety under Cheibriados
  9554 | D:9      | Killed a kobold demonologist
  9555 | D:9      | Reached XP level 10. HP: 47/79 MP: 9/14
  9800 | D:9      | Reached skill level 5 in Invocations
 10769 | D:9      | Identified a scroll of acquirement
 10769 | D:9      | Acquired 621 gold pieces
 10789 | D:10     | Entered Level 10 of the Dungeon
 10794 | D:10     | Noticed a death yak
 10806 | D:9      | Killed a death yak
 10807 | D:9      | Reached skill level 10 in Invocations
 11613 | D:10     | Found a staircase to the Lair.
 11721 | D:10     | Gained mutation: Your demonic aura often causes spilled
                  | blood to erupt in flames. [demonic ancestry]
 11721 | D:10     | Reached XP level 11. HP: 37/84 MP: 2/18
 11921 | D:10     | Reached skill level 5 in Dodging
 12205 | D:10     | Reached skill level 10 in Unarmed Combat
 12569 | D:10     | Reached skill level 5 in Armour
 13188 | D:11     | Noticed a two-headed ogre
 13195 | D:11     | Killed a two-headed ogre
 13973 | D:12     | Reached skill level 11 in Unarmed Combat
 13980 | D:12     | Reached ****** piety under Cheibriados
 14025 | D:12     | Noticed a green ugly thing
 14034 | D:12     | Killed a green ugly thing
 14128 | D:12     | Found a shimmering altar of Xom.
 14128 | D:12     | Found a shimmering altar of Xom.
 14128 | D:12     | Found a shimmering altar of Xom.
 14128 | D:12     | Found a shimmering altar of Xom.
 14130 | D:12     | Found a shimmering altar of Xom.
 14131 | D:12     | Found a shimmering altar of Xom.
 14131 | D:12     | Found a shimmering altar of Xom.
 14143 | D:12     | Noticed Jorgrun
 14159 | D:12     | HP: 2/87 [constriction (6)]
 14161 | D:12     | Slain by Jorgrun

Illustrated notes

Levels and vault maps discovered:
D:1:      heliophobic_arrival_glass_houses, layout_loops_corners,
          shapermc_ecumenical_altar_pompeii
D:2:      layout_loops_ring, basic_altar, nrook_mini_vaults
D:3:      layout_loops_corners, gammafunk_ghost_cemetery, portal_sewer_entry_e,
          uniq_robin
D:4:      layout_basic, minmay_door_square, uniq_eustachio
D:5:      layout_loops_ring, minmay_temple_entry_drinking_statues, serial_shops,
          nicolae_lakefront_shop, minmay_ruined_shrine
D:6:      layout_loops_ring, minmay_splitting_lines
D:7:      layout_basic, biasface_ghost_orc_armoury
D:8:      layout_rooms, mainiacjoe_overflow_concentric_impassable, uniq_joseph
D:9:      layout_loops_ring, minmay_misc_feat_roman
D:10:     minmay_clustersquares, layout_long_grid, david_lair_generic,
          serial_bayou, serial_bayou_lake_a, serial_bayou_pond_d,
          serial_bayou_lagoon_a, serial_bayou_lagoon_b, serial_bayou_pond_a,
          lemuel_flame_loot_1
D:11:     layout_roguey
D:12:     layout_basic, david_orc_2, serial_shops,
          nicolae_shop_temple_entry_statues_fountains, xom_shifter_show,
          uniq_maurice, uniq_jorgrun

Skill      XL: |  1  2  3  4  5  6  7  8  9 10 11 |
---------------+----------------------------------+-----
Dodging        | 2 4 6 |  6.1
Unarmed Combat | 1 2 3 4 6 8 9 11 | 11.1
Fighting       | 1 2 3 4 6 7 8 |  8.5
Armour         | 1 2 3 4 5 |  5.9
Invocations    | 4 10 | 10.2
Stealth        | |  1.7
Spellcasting   | |  3.2
Conjurations   | |  1.7
Summonings     | |  1.0
Translocations | |  0.8

Action                   |  1- 3 |  4- 6 |  7- 9 | 10-12 || total
-------------------------+-------+-------+-------+-------++-------
Melee: Dagger            |     4 |       |       |       ||     4
       Whip              |    13 |   125 |     1 |       ||   139
       Tailslap          |       |    13 |    36 |    55 ||   104
       Punch             |       |     4 |    12 |    17 ||    33
       Headbutt          |       |    13 |    61 |    67 ||   141
       Unarmed           |       |       |   217 |   198 ||   415
       Touch             |       |       |    28 |    46 ||    74
Throw: Stone             |       |       |    11 |     2 ||    13
 Cast: Magic Dart        |    72 |    54 |     8 |       ||   134
       Blink             |       |       |     1 |       ||     1
Invok: Slouch            |       |       |       |     2 ||     2
Evoke: Wand              |       |       |     7 |    16 ||    23
  Use: Scroll            |     2 |     5 |    12 |     2 ||    21
       Potion            |       |       |     9 |       ||     9
 Stab: Paralysed         |       |     1 |       |       ||     1
       Sleeping          |       |       |     1 |     3 ||     4
Armor: Robe              |     1 |     2 |       |       ||     3
       Chain mail        |       |    61 |       |       ||    61
       Acid dragon scale |       |     5 |   111 |    63 ||   179
       Skin              |       |       |    10 |       ||    10
Dodge: Dodged            |    15 |    55 |   181 |   175 ||   426

Table legend: (Time is in decaauts)
 A = Elapsed time spent in this place.
 B = Non-inter-level travel time spent in this place.
 C = Inter-level travel time spent in this place.
 D = Time resting spent in this place.
 E = Time spent auto-exploring this place.
 F = Levels seen in this place.
 G = Mean time per level.
                   A        B        C        D        E       F      G
               +--------+--------+--------+--------+--------+-----+--------+
         Total |  17814 |  17337 |    477 |   3543 |  11505 |  12 | 1484.5 |
       Dungeon |  17814 |  17337 |    477 |   3543 |  11505 |  12 | 1484.5 |
               +--------+--------+--------+--------+--------+-----+--------+

Top non-repeatable levels by time:
     D:9: 2361 daAuts
     D:7: 1998 daAuts
    D:10: 1984 daAuts
     D:2: 1833 daAuts
     D:1: 1696 daAuts
     D:6: 1630 daAuts
    D:11: 1483 daAuts
     D:5: 1392 daAuts
     D:3: 1126 daAuts
     D:8: 1022 daAuts
     D:4: 969 daAuts
    D:12: 317 daAuts
